Map: 오토메이턴 - 래더

Players

PartinG - Winner!

  • Race: Protoss Protoss
  • Spawn Location: 3:00

Mlord (MarineLorD)

  • Race: Terran Terran
  • Spawn Location: 9:00

Event: IEM Season 13: Katowice (2019)

VOD

Have the link to the VOD?

Description

Time

  • Played on: Feb. 26, 2019, 6:19 a.m.
  • Length: 6:35

All games in this series

Show
View Real Time Build Order
Export as new Build Order

PartinG Protoss - Winner!

Build Orders: Oracle Opening 

Get SALT Encoding   

  12  0:00  Probe  
  13  0:12  Probe  
  14  0:17  Pylon  
  14  0:24  Probe  
  15  0:32  Probe  
  15  0:37  Gateway  
  15  0:40  Probe  
  16  0:47  Assimilator  
  17  0:51  Probe  
  17  0:56  Assimilator  
  18  1:03  Probe  
  19  1:17  Probe  
  20  1:25  Zealot, Cybernetics Core  
  22  1:29  Probe  
  22  1:31  Pylon  
  23  1:40  Pylon  
  23  1:49  Probe  
  23  1:51  Adept  
  24  2:02  Stargate  
  24  2:04  Probe  
  27  2:11  Warp Gate  
  27  2:17  Probe  
  27  2:21  Stalker  
  28  2:34  Oracle  
  31  3:02  Oracle  
  34  3:15  Pylon  
  34  3:25  Nexus  
  34  3:30  Probe  
  35  3:39  Oracle  
  38  3:41  Shield Battery  
  38  3:51  Probe  
  38  3:53  Gateway  
  37  4:06  Oracle  
  37  4:12  Stalker  
  37  4:14  Probe  
  42  4:26  Probe  
  42  4:28  Pylon  
  42  4:30  Pylon  
  37  4:42  Probe  
  37  4:44  Stalker  
  37  4:51  Probe  
  36  4:54  Probe  
  36  4:59  Probe  
  38  5:09  Stalker  
  38  5:12  Probe  
  38  5:13  Probe  
  42  5:21  Stalker  
  44  5:29  Twilight Council  
  44  5:32  Probe  
  44  5:34  Probe  
  46  5:41  Stalker  
  48  5:44  Probe  
  48  5:46  Probe  
  50  5:52  Stalker  
  52  5:57  Probe  
  52  5:58  Probe  
  52  6:03  Pylon  
  49  6:22  Probe x2  
  49  6:25  Robotics Facility  
Show
View Real Time Build Order
Export as new Build Order

Mlord Terran 

Build Orders:  

Get SALT Encoding   

  12  0:01  SCV  
  13  0:13  SCV  
  14  0:18  Supply Depot  
  14  0:25  SCV  
  15  0:39  SCV  
  15  0:41  Barracks  
  16  0:48  Refinery  
  16  0:52  SCV  
  17  1:00  Refinery  
  17  1:04  SCV  
  18  1:16  SCV  
  19  1:28  Reaper, Orbital Command  
  20  1:37  Ghost Academy  
  20  1:49  Supply Depot  
  20  1:54  SCV  
  21  2:06  SCV  
  22  2:15  Barracks Tech Lab  
  22  2:18  SCV  
  22  2:21  Factory  
  23  2:30  SCV  
  23  2:33  Personal Cloaking  
  24  2:41  Supply Depot  
  24  2:42  SCV  
  24  2:54  SCV  
  25  3:01  Barracks Tech Lab  
  25  3:04  Factory Tech Lab  
  25  3:06  SCV  
  26  3:18  SCV  
  26  3:19  Ghost  
  26  3:24  Cyclone  
  28  3:30  SCV  
  27  3:43  SCV  
  27  3:48  Ghost  
  28  3:55  SCV  
  31  3:56  Cyclone  
  34  4:07  SCV  
  30  4:19  SCV  
  28  4:31  SCV  
  29  4:43  SCV  
  30  4:49  Command Center  
  28  4:55  SCV  
  27  5:00  Cyclone  
  30  5:07  SCV  
  30  5:10  Supply Depot  
  31  5:19  Barracks, SCV  
  32  5:31  SCV  
  33  5:37  Cyclone  
  36  5:43  SCV  
  37  5:56  SCV  
  38  6:01  Orbital Command  
  38  6:05  Barracks  
  38  6:06  Starport  
  38  6:08  SCV  
  36  6:20  SCV  

Tags
 
Add a new tag
Caveats
  • Supply blocks, unpowered buildings, or Contaminate may cause inaccurate times.
  • Supply counts are checked every 10 seconds.